TOP OF THE 1ST |
Mahoning Valley Scrappers batting - Pitching for Spokane Indians : RHP Dan Rohrbach
|
Pitching: RHP Dan Rohrbach
|
|
Batting: SHB Scott Scott
|
0-0: Called Strike 0-1: Foul Ball, location: 2F 0-2: Ball 1-2: Ball 2-2: Foul Ball, location: 2F 2-2: Ball 3-2: Base on Balls
|
Batting: RHB Alex Vasquez
|
0-0: Ball 1-0: Ball 2-0: Ball 3-0: Base on Balls Scott Scott to second
|
Batting: LHB Ben Rubenacker
|
0-0: Ball 1-0: Foul Ball, location: 2F 1-1: Foul Ball, location: 2F 1-2: Strikes out swinging
|
Batting: LHB Vinny Carreno
|
0-0: Ball 1-0: SINGLE (Groundball, 3D, EV 106.9 MPH) Scott Scott to third Alex Vasquez to second Runner from 3rd tries for Home, SAFE, throw by RF to home
|
Batting: RHB Sergio Zamora
|
0-0: Ball 1-0: Called Strike 1-1: Foul Ball, location: 2F 1-2: Ground out 6-3 (Groundball, 6MD, EV 97.5 MPH) Alex Vasquez to third Vinny Carreno to second
|
Batting: RHB Mitch Boyd
|
0-0: Called Strike 0-1: Called Strike 0-2: Strikes out looking
|
Top of the 1st over - 1 run, 1 hit, 0 errors, 2 left on base; Mahoning Valley 1 - Spokane 0 |
BOTTOM OF THE 1ST |
Spokane Indians batting - Pitching for Mahoning Valley Scrappers : RHP Frank Diaz
|
Pitching: RHP Frank Diaz
|
|
Batting: RHB Theo van Gent
|
0-0: Swinging Strike 0-1: Ball 1-1: Ball 2-1: Called Strike 2-2: Strikes out swinging
|
Batting: RHB Matt Sanders
|
0-0: Called Strike 0-1: Called Strike 0-2: Strikes out swinging
|
Batting: LHB Yasahiko Teshima
|
0-0: Ball 1-0: Ball 2-0: Called Strike 2-1: Foul Ball, location: 2F 2-2: Ball 3-2: SINGLE (Groundball, 4MD, EV 107.5 MPH)
|
Batting: LHB Yat-sen Zhu
|
0-0: Called Strike 0-1: Called Strike 0-2: Fly out, F8 (Flyball, 8RXD, EV 105.0 MPH)
|
Bottom of the 1st over - 0 runs, 1 hit, 0 errors, 1 left on base; Mahoning Valley 1 - Spokane 0 |
TOP OF THE 2ND |
Mahoning Valley Scrappers batting - Pitching for Spokane Indians : RHP Dan Rohrbach
|
Batting: RHB Diwan Abdul-Salam
|
0-0: Ground out 4-3 (Groundball, 4S, EV 74.4 MPH)
|
Batting: RHB Chris Folse
|
0-0: Fly out, F9 (Line Drive, 89D, EV 97.5 MPH)
|
Batting: LHB Yasuo Igarashi
|
0-0: Ball 1-0: Ball 2-0: Ball 3-0: Base on Balls
|
Batting: SHB Scott Scott
|
0-0: Swinging Strike 0-1: Ball 1-1: Swinging Strike 1-2: Strikes out looking
|
Top of the 2nd over - 0 runs, 0 hits, 0 errors, 1 left on base; Mahoning Valley 1 - Spokane 0 |
BOTTOM OF THE 2ND |
Spokane Indians batting - Pitching for Mahoning Valley Scrappers : RHP Frank Diaz
|
Batting: RHB Danny Murillo
|
0-0: Ball 1-0: Called Strike 1-1: Foul Ball, location: 2F 1-2: Ball 2-2: Ball 3-2: SINGLE (Groundball, 6MD, EV 93.8 MPH)
|
Batting: SHB Brace Harper
|
0-0: Ball Danny Murillo steals 2nd base 1-0: DOUBLE (Line Drive, 7LM, EV 97.5 MPH) Danny Murillo scores
|
Batting: RHB Zach Thomason
|
0-0: Ball 1-0: Ball 2-0: Foul Ball, location: 2F 2-1: SINGLE (Groundball, 6MD, EV 98.1 MPH) Brace Harper to third Runner from 3rd tries for Home, SAFE, throw by CF to home
|
Batting: RHB Zach Koblinski
|
0-0: Ball 1-0: Ball 2-0: Called Strike 2-1: Foul Ball, location: 2F 2-2: DOUBLE (Flyball, 89D, EV 88.8 MPH) Zach Thomason to third
|
Batting: RHB Ferdi Schipper
|
0-0: Ground out 6-3 (Groundball, 6, EV 86.9 MPH) Zach Thomason scores Zach Koblinski to third
|
Batting: RHB Theo van Gent
|
0-0: Called Strike 0-1: Swinging Strike 0-2: Ground out 6-3 (Groundball, 6, EV 78.8 MPH) Zach Koblinski scores
|
Batting: RHB Matt Sanders
|
0-0: SINGLE (Flyball, 8RS, EV 90.6 MPH)
|
Batting: LHB Yasahiko Teshima
|
0-0: Ball Matt Sanders steals 2nd base 1-0: Ball 2-0: Swinging Strike 2-1: Ground out 3-1 (Groundball, 34S, EV 85.6 MPH)
|
Bottom of the 2nd over - 4 runs, 5 hits, 0 errors, 1 left on base; Mahoning Valley 1 - Spokane 4 |
TOP OF THE 3RD |
Mahoning Valley Scrappers batting - Pitching for Spokane Indians : RHP Dan Rohrbach
|
Batting: RHB Alex Vasquez
|
0-0: Ball 1-0: Ball 2-0: Ball 3-0: Base on Balls
|
Batting: LHB Ben Rubenacker
|
0-0: Hit by Pitch Alex Vasquez to second
|
Batting: LHB Vinny Carreno
|
0-0: Ball 1-0: SINGLE (Flyball, 6D, EV 82.5 MPH) Alex Vasquez to third Ben Rubenacker to second
|
Batting: RHB Sergio Zamora
|
0-0: Ball 1-0: Ball 2-0: Ball 3-0: Called Strike 3-1: Base on Balls Alex Vasquez scores Ben Rubenacker to third Vinny Carreno to second
|
Batting: RHB Mitch Boyd
|
0-0: Ball 1-0: Called Strike 1-1: Ball 2-1: Swinging Strike 2-2: Grounds into fielders choice U2 (Groundball, 2R, EV 65.6 MPH) Vinny Carreno to third Sergio Zamora to second
|
Batting: RHB Diwan Abdul-Salam
|
0-0: Ball 1-0: Called Strike 1-1: Ball 2-1: Foul Ball, location: 2F 2-2: Ball 3-2: Foul Ball, location: 2F 3-2: Foul Ball, location: 2F 3-2: SINGLE (Groundball, 56S, EV 70.6 MPH) (infield hit) Vinny Carreno scores Sergio Zamora to third Mitch Boyd to second
|
Batting: RHB Chris Folse
|
0-0: Ball 1-0: Ball 2-0: Ball 3-0: Hit by Pitch Sergio Zamora scores Mitch Boyd to third Diwan Abdul-Salam to second
|
Batting: LHB Yasuo Igarashi
|
0-0: Called Strike 0-1: Foul Ball, location: 2F 0-2: Ball 1-2: Ball 2-2: Ground out 6-3 (Groundball, 6S, EV 74.4 MPH) Mitch Boyd scores Diwan Abdul-Salam to third Chris Folse to second
|
Batting: SHB Scott Scott
|
0-0: Ball 1-0: Ball Wild Pitch! Diwan Abdul-Salam scores Chris Folse to third 2-0: Ball 3-0: Base on Balls
|
Pitching: RHP Chris Lincecum II
|
|
Batting: RHB Alex Vasquez
|
0-0: Fly out, F8 (Line Drive, 8RM, EV 93.1 MPH)
|
Top of the 3rd over - 5 runs, 2 hits, 0 errors, 2 left on base; Mahoning Valley 6 - Spokane 4 |
BOTTOM OF THE 3RD |
Spokane Indians batting - Pitching for Mahoning Valley Scrappers : RHP Frank Diaz
|
Batting: LHB Yat-sen Zhu
|
0-0: Called Strike 0-1: Ball 1-1: Fly out, F7 (Flyball, 7LM, EV 81.2 MPH)
|
Batting: RHB Danny Murillo
|
0-0: Ball 1-0: Ball 2-0: Ball 3-0: Called Strike 3-1: Foul Ball, location: 2F 3-2: Foul Ball, location: 2F 3-2: Foul Ball, location: 2F 3-2: Foul Ball, location: 2F 3-2: Fly out, F7 (Flyball, 78S, EV 81.2 MPH)
|
Batting: SHB Brace Harper
|
0-0: Fly out, F4 (Popup, 4M, EV 56.9 MPH)
|
Bottom of the 3rd over - 0 runs, 0 hits, 0 errors, 0 left on base; Mahoning Valley 6 - Spokane 4 |
TOP OF THE 4TH |
Mahoning Valley Scrappers batting - Pitching for Spokane Indians : RHP Chris Lincecum II
|
Batting: LHB Ben Rubenacker
|
0-0: Called Strike 0-1: Swinging Strike 0-2: Foul Ball, location: 2F 0-2: Ball 1-2: Ground out U3 (Groundball, 34, EV 106.2 MPH)
|
Batting: LHB Vinny Carreno
|
0-0: Foul Ball, location: 2F 0-1: Foul Ball, location: 2F 0-2: Ground out 6-3 (Groundball, 6, EV 85.6 MPH)
|
Batting: RHB Sergio Zamora
|
0-0: Foul Ball, location: 2F 0-1: Ball 1-1: Swinging Strike 1-2: Ball 2-2: Foul Ball, location: 2F 2-2: Ground out 5-3 (Groundball, 56, EV 102.5 MPH)
|
Top of the 4th over - 0 runs, 0 hits, 0 errors, 0 left on base; Mahoning Valley 6 - Spokane 4 |
BOTTOM OF THE 4TH |
Spokane Indians batting - Pitching for Mahoning Valley Scrappers : RHP Frank Diaz
|
Batting: RHB Zach Thomason
|
0-0: Fly out, F8 (Flyball, 89D, EV 105.0 MPH)
|
Batting: RHB Zach Koblinski
|
0-0: Ball 1-0: Ground out 5-3 (Groundball, 5L, EV 105.0 MPH)
|
Batting: RHB Ferdi Schipper
|
0-0: Called Strike 0-1: Ball 1-1: Ball 2-1: Foul Ball, location: 2F 2-2: Strikes out swinging
|
Bottom of the 4th over - 0 runs, 0 hits, 0 errors, 0 left on base; Mahoning Valley 6 - Spokane 4 |
TOP OF THE 5TH |
Mahoning Valley Scrappers batting - Pitching for Spokane Indians : RHP Chris Lincecum II
|
Batting: RHB Mitch Boyd
|
0-0: Ball 1-0: Ball 2-0: Ball 3-0: Base on Balls
|
Batting: RHB Diwan Abdul-Salam
|
0-0: Grounds into double play, 5-4-3 (Groundball, 56, EV 106.9 MPH)
|
Batting: RHB Chris Folse
|
0-0: Ball 1-0: Ball 2-0: Ground out 5-3 (Groundball, 5, EV 89.4 MPH)
|
Top of the 5th over - 0 runs, 0 hits, 0 errors, 0 left on base; Mahoning Valley 6 - Spokane 4 |
BOTTOM OF THE 5TH |
Spokane Indians batting - Pitching for Mahoning Valley Scrappers : RHP Frank Diaz
|
Batting: RHB Theo van Gent
|
0-0: Ball 1-0: Ground out 5-3 (Groundball, 5, EV 84.4 MPH)
|
Batting: RHB Matt Sanders
|
0-0: Called Strike 0-1: DOUBLE (Groundball, 5L, EV 101.2 MPH)
|
Batting: LHB Yasahiko Teshima
|
0-0: Ground out U3 (Groundball, 3, EV 84.4 MPH) Matt Sanders to third
|
Batting: LHB Yat-sen Zhu
|
0-0: Swinging Strike 0-1: Ball Wild Pitch! Matt Sanders scores 1-1: Ball 2-1: DOUBLE (Flyball, 89XD, EV 108.8 MPH)
|
Batting: RHB Danny Murillo
|
0-0: Ground out 4-3 (Groundball, 4, EV 81.2 MPH)
|
Bottom of the 5th over - 1 run, 2 hits, 0 errors, 1 left on base; Mahoning Valley 6 - Spokane 5 |
TOP OF THE 6TH |
Mahoning Valley Scrappers batting - Pitching for Spokane Indians : RHP Chris Lincecum II
|
Batting: LHB Yasuo Igarashi
|
0-0: Ball 1-0: Swinging Strike 1-1: Ball 2-1: Ball 3-1: Fly out, F9 (Flyball, 9LD, EV 95.6 MPH)
|
Batting: SHB Scott Scott
|
0-0: Called Strike 0-1: Foul Ball, location: 2F 0-2: Foul Ball, location: 2F 0-2: Foul Ball, location: 2F 0-2: Ball 1-2: Strikes out swinging
|
Batting: RHB Alex Vasquez
|
0-0: Foul Ball, location: 2F 0-1: Ball 1-1: Ball 2-1: Called Strike 2-2: Foul Ball, location: 2F 2-2: Ball 3-2: Base on Balls
|
Batting: LHB Ben Rubenacker
|
0-0: Called Strike 0-1: Ground out 4-3 (Groundball, 34, EV 108.8 MPH)
|
Top of the 6th over - 0 runs, 0 hits, 0 errors, 1 left on base; Mahoning Valley 6 - Spokane 5 |
BOTTOM OF THE 6TH |
Spokane Indians batting - Pitching for Mahoning Valley Scrappers : RHP Frank Diaz
|
Batting: SHB Brace Harper
|
0-0: Called Strike 0-1: Ball 1-1: Ball 2-1: Called Strike 2-2: Ground out 6-3 (Groundball, 6, EV 103.1 MPH)
|
Batting: RHB Zach Thomason
|
0-0: Ball 1-0: Ball 2-0: Ground out 2-3 (Groundball, 15S, EV 73.8 MPH)
|
Batting: RHB Zach Koblinski
|
0-0: Foul Ball, location: 2F 0-1: Ball 1-1: Foul Ball, location: 2F 1-2: Strikes out looking
|
Bottom of the 6th over - 0 runs, 0 hits, 0 errors, 0 left on base; Mahoning Valley 6 - Spokane 5 |
TOP OF THE 7TH |
Mahoning Valley Scrappers batting - Pitching for Spokane Indians : RHP Chris Lincecum II
|
Batting: LHB Vinny Carreno
|
0-0: Foul Ball, location: 2F 0-1: Ball 1-1: Ball 2-1: Called Strike 2-2: TRIPLE (Flyball, 89XD, EV 90.6 MPH)
|
Batting: RHB Sergio Zamora
|
0-0: Ball 1-0: Ball 2-0: Ball 3-0: Called Strike 3-1: Base on Balls
|
Batting: RHB Mitch Boyd
|
0-0: Ball 1-0: Swinging Strike 1-1: Ball 2-1: SINGLE (Groundball, 4MD, EV 105.6 MPH) Vinny Carreno scores Sergio Zamora to second
|
Pitching: LHP Patrick Marion
|
|
Batting: RHB Diwan Abdul-Salam
|
0-0: Called Strike 0-1: Ball 1-1: Fly out, F4 (Popup, 3D, EV 69.4 MPH)
|
Batting: RHB Chris Folse
|
0-0: Called Strike 0-1: Foul Ball, location: 2F 0-2: Ball 1-2: Strikes out looking
|
Batting: LHB Yasuo Igarashi
|
0-0: Foul Ball, location: 2F 0-1: Ball 1-1: Swinging Strike 1-2: Strikes out looking
|
Top of the 7th over - 1 run, 2 hits, 0 errors, 2 left on base; Mahoning Valley 7 - Spokane 5 |
BOTTOM OF THE 7TH |
Spokane Indians batting - Pitching for Mahoning Valley Scrappers : RHP Frank Diaz
|
Pitching: RHP Jose Guajardo
|
|
Batting: RHB Ferdi Schipper
|
0-0: SINGLE (Flyball, 34D, EV 84.4 MPH)
|
Pinch Hitting: LHB William Hanley
|
|
Pitching: LHP Ryan Morlan
|
0-0: Swinging Strike 0-1: Called Strike 0-2: Strikes out swinging
|
Batting: RHB Matt Sanders
|
0-0: Called Strike 0-1: Ball 1-1: Called Strike 1-2: Foul Ball, location: 2F 1-2: Strikes out swinging
|
Batting: RHB Luis Arce
|
0-0: Ball 1-0: Ball 2-0: Ball Wild Pitch! Ferdi Schipper to second 3-0: Called Strike 3-1: Called Strike 3-2: Foul Ball, location: 2F 3-2: DOUBLE (Groundball, 5L, EV 106.9 MPH) Ferdi Schipper scores
|
Pinch Hitting: RHB Josh Whitmore
|
0-0: Ball 1-0: Reached on error, E5 (Groundball, 56, EV 90.0 MPH) Luis Arce to third
|
Batting: RHB Danny Murillo
|
0-0: Ball 1-0: Called Strike 1-1: Foul Ball, location: 2F 1-2: Ball 2-2: Foul Ball, location: 2F 2-2: DOUBLE (Line Drive, 9LS, EV 87.5 MPH) Luis Arce scores Josh Whitmore to third Runner from 3rd tries for Home, SAFE, throw by RF to home
|
Batting: SHB Brace Harper
|
0-0: Ball 1-0: Ball 2-0: Ball 3-0: Called Strike 3-1: Base on Balls
|
Batting: RHB Zach Thomason
|
0-0: Called Strike 0-1: Foul Ball, location: 2F 0-2: Ball 1-2: Fielders Choice at 2nd, 5-4 (Groundball, 56, EV 85.6 MPH)
|
Bottom of the 7th over - 3 runs, 3 hits, 1 error, 2 left on base; Mahoning Valley 7 - Spokane 8 |
TOP OF THE 8TH |
Mahoning Valley Scrappers batting - Pitching for Spokane Indians : LHP Patrick Marion
|
Now at 3B: Justin Aslinger
|
|
Now in LF: Orlando Melchor
|
|
Batting: SHB Scott Scott
|
0-0: Swinging Strike 0-1: Foul Ball, location: 2F 0-2: Ball 1-2: Strikes out swinging
|
Batting: RHB Alex Vasquez
|
0-0: Ball 1-0: Called Strike 1-1: DOUBLE (Flyball, 89XD, EV 95.0 MPH)
|
Pinch Hitting: RHB Tyler Farver
|
0-0: Foul Ball, location: 2F 0-1: Ball 1-1: Swinging Strike 1-2: Strikes out swinging
|
Pinch Hitting: RHB Carlos Salazar
|
0-0: SINGLE (Groundball, 3D, EV 96.2 MPH) Alex Vasquez to third Runner from 3rd tries for Home, throw by RF and OUT! 9-2
|
Top of the 8th over - 0 runs, 2 hits, 0 errors, 1 left on base; Mahoning Valley 7 - Spokane 8 |
BOTTOM OF THE 8TH |
Spokane Indians batting - Pitching for Mahoning Valley Scrappers : LHP Ryan Morlan
|
Now at 1B: Tyler Farver
|
|
Now in LF: Carlos Salazar
|
|
Batting: RHB Zach Koblinski
|
0-0: Ball 1-0: SINGLE (Groundball, 6M, EV 90.6 MPH) (infield hit)
|
Batting: RHB Ferdi Schipper
|
0-0: Ball 1-0: Bunted foul 1-1: Bunted foul 1-2: Strikes out swinging
|
Pitching: RHP Travis Porter
|
|
Pinch Hitting: LHB Sean Gingrich
|
0-0: Ball Zach Koblinski steals 2nd base 1-0: Swinging Strike 1-1: Foul Ball, location: 2F 1-2: Strikes out swinging
|
Batting: RHB Matt Sanders
|
0-0: Ball 1-0: Swinging Strike 1-1: SINGLE (Line Drive, 56D, EV 95.6 MPH) Zach Koblinski to third Runner from 3rd tries for Home, SAFE, throw by LF to home Matt Sanders to second
|
Batting: LHB Casper Kersten
|
0-0: Ball Matt Sanders is caught stealing 3rd base 2-5
|
Bottom of the 8th over - 1 run, 2 hits, 0 errors, 0 left on base; Mahoning Valley 7 - Spokane 9 |
TOP OF THE 9TH |
Mahoning Valley Scrappers batting - Pitching for Spokane Indians : LHP Patrick Marion
|
Pitching: RHP Johnny Munoz
|
|
Now at 1B: Lee Gerken
|
|
Now at 3B: Brace Harper
|
|
Now at SS: Darnell Jones
|
|
Batting: RHB Sergio Zamora
|
0-0: Called Strike 0-1: Ball 1-1: Foul Ball, location: 2F 1-2: Ball 2-2: Strikes out swinging
|
Pinch Hitting: LHB Sam Ogg
|
0-0: Ball 1-0: Called Strike 1-1: Ball 2-1: Ball 3-1: Ground out 4-3 (Groundball, 4, EV 99.4 MPH)
|
Pinch Hitting: LHB Kazuyoshi Nakamura
|
0-0: Swinging Strike 0-1: Ball 1-1: Ball 2-1: Swinging Strike 2-2: Strikes out swinging
|
Top of the 9th over - 0 runs, 0 hits, 0 errors, 0 left on base; Mahoning Valley 7 - Spokane 9 |
|